Map: [ESL] Alcyone

Players

Harstem - Winner!

  • Race: Protoss Protoss
  • League: Grandmaster
  • Spawn Location: 7:00

LiquidElazer (Elazer)

  • Race: Zerg Zerg
  • Spawn Location: 1:00

Event: HomeStory Cup XXIV

VOD

Have the link to the VOD?

Description

Time

  • Played on: Dec. 1, 2023, 8:23 a.m.
  • Length: 9:05

All games in this series

Show
View Real Time Build Order
Export as new Build Order

Harstem Protoss - Winner!

Build Orders: 1 Gate Expand, Oracle Opening 

Get SALT Encoding   

  12  0:00  Probe  
  13  0:12  Probe  
  14  0:18  Pylon  
  14  0:24  Probe  
  15  0:30  Assimilator  
  15  0:36  Probe (Chrono Boost)  
  16  0:46  Probe (Chrono Boost)  
  16  0:47  Gateway  
  17  0:51  Probe (Chrono Boost)  
  18  1:03  Probe  
  19  1:15  Probe  
  20  1:22  Nexus  
  20  1:34  Cybernetics Core  
  20  1:35  Probe  
  21  1:43  Assimilator  
  21  1:47  Probe  
  21  1:50  Pylon  
  22  2:00  Probe  
  23  2:09  Adept (Chrono Boost)  
  23  2:11  Warp Gate  
  23  2:12  Probe  
  26  2:20  Stargate  
  26  2:24  Probe  
  26  2:29  Adept (Chrono Boost)  
  27  2:35  Probe  
  27  2:36  Probe  
  31  2:47  Probe  
  31  2:48  Probe  
  33  2:59  Probe  
  33  3:01  Nexus  
  33  3:03  Probe  
  35  3:07  Oracle (Chrono Boost)  
  35  3:12  Probe  
  39  3:16  Assimilator  
  39  3:19  Pylon  
  39  3:22  Probe  
  40  3:27  Gateway  
  40  3:32  Gateway, Probe  
  41  3:34  Probe  
  41  3:38  Oracle (Chrono Boost)  
  45  3:44  Probe  
  45  3:46  Probe  
  45  3:47  Shield Battery  
  47  3:56  Probe  
  47  3:58  Probe  
  47  4:01  Twilight Council  
  47  4:02  Adept  
  51  4:08  Probe  
  52  4:11  Probe  
  52  4:16  Gateway  
  53  4:17  Gateway, Probe  
  53  4:22  Probe  
  55  4:25  Probe  
  55  4:29  Stalker x2  
  60  4:32  Probe  
  60  4:34  Blink (Chrono Boost)  
  60  4:35  Pylon  
  60  4:36  Probe  
  60  4:37  Probe  
  63  4:44  Probe  
  64  4:50  Pylon  
  65  4:52  Stalker  
  65  4:53  Stalker  
  65  4:54  Probe  
  69  5:00  Shield Battery x2, Probe  
  69  5:04  Shield Battery  
  70  5:11  Stalker x2  
  70  5:13  Pylon  
  74  5:15  Probe  
  74  5:16  Shield Battery  
  74  5:19  Stalker x2  
  74  5:20  Probe  
  80  5:24  Shield Battery, Probe  
  80  5:27  Probe  
  82  5:36  Probe  
  82  5:37  Stalker x2  
  82  5:41  Forge, Assimilator, Probe  
  82  5:42  Probe  
  89  5:48  Stalker, Probe  
  89  5:49  Assimilator  
  92  5:56  Stalker  
  88  6:02  Stalker x2  
  90  6:04  Shield Battery  
  90  6:05  Probe  
  90  6:06  Pylon, Probe  
  90  6:10  Gateway  
  92  6:13  Protoss Ground Weapons Level 1 (Chrono Boost)  
  92  6:16  Photon Cannon  
  92  6:17  Gateway  
  92  6:18  Pylon  
  92  6:25  Pylon  
  92  6:26  Stalker x3  
  92  6:27  Pylon  
  98  6:34  Photon Cannon  
  98  6:36  Probe  
  98  6:38  Stalker  
  101  6:42  Probe  
  101  6:46  Probe  
  99  6:48  Probe  
  99  6:51  Stalker x3  
  94  6:54  Probe  
  94  6:58  Probe  
  94  7:01  Probe  
  93  7:04  Stalker  
  93  7:07  Stalker, Probe  
  90  7:10  Probe  
  90  7:13  Charge, Probe  
  90  7:14  Stalker x4  
  100  7:19  Probe  
  100  7:22  Probe  
  96  7:25  Probe  
  96  7:28  Stalker  
  88  7:31  Probe, Stalker  
  88  7:33  Pylon  
  89  7:39  Stalker x3  
  91  7:44  Probe  
  91  7:46  Stalker  
  91  7:47  Probe  
  91  7:48  Oracle (Chrono Boost), Pylon  
  94  7:55  Shield Battery  
  94  7:56  Stalker, Probe  
  94  7:57  Probe  
  101  7:59  Probe  
  101  8:03  Pylon  
  102  8:08  Probe  
  102  8:10  Pylon  
  102  8:12  Stalker x2  
  107  8:14  Shield Battery  
  107  8:20  Probe  
  102  8:27  Stalker x3  
  102  8:33  Zealot  
  98  8:41  Stalker  
  98  8:42  Stalker  
  98  8:50  Nexus  
  98  8:55  Nexus  
  95  8:59  Pylon  
  95  9:00  Pylon  
Show
View Real Time Build Order
Export as new Build Order

LiquidElazer Zerg 

Build Orders: Hatch First 

Get SALT Encoding   

  12  0:00  Drone  
  13  0:12  Overlord  
  13  0:16  Drone  
  14  0:30  Drone x2  
  16  0:49  Hatchery  
  15  0:53  Drone  
  15  0:56  Drone  
  17  0:59  Drone  
  18  1:10  Extractor  
  17  1:14  Spawning Pool  
  17  1:18  Drone  
  17  1:20  Drone  
  18  1:28  Drone  
  19  1:38  Drone  
  20  1:49  Overlord  
  20  2:02  Queen x2  
  20  2:05  Drone  
  20  2:07  Zergling x2  
  26  2:12  Metabolic Boost  
  26  2:15  Zergling x2  
  27  2:17  Zergling x2  
  28  2:23  Drone  
  28  2:24  Zergling x2  
  30  2:33  Drone  
  30  2:35  Drone  
  32  2:38  Queen  
  34  2:46  Hatchery  
  31  2:59  Drone x2  
  31  3:00  Overlord  
  33  3:06  Drone  
  33  3:09  Overlord  
  33  3:10  Drone  
  35  3:18  Queen x2  
  35  3:19  Drone x2  
  41  3:20  Zergling x2  
  41  3:22  Drone  
  43  3:29  Overlord  
  43  3:31  Drone x3  
  43  3:32  Drone  
  47  3:42  Drone x4  
  51  3:48  Drone x4  
  51  3:55  Roach Warren  
  53  3:56  Overlord  
  53  4:02  Drone x2  
  53  4:09  Overlord  
  53  4:11  Extractor, Queen  
  53  4:13  Zergling x2  
  53  4:14  Zergling x8  
  59  4:26  Overlord  
  59  4:35  Roach x5  
  69  4:43  Roach  
  69  4:44  Overlord  
  70  4:46  Extractor, Roach  
  70  4:47  Zergling x2  
  70  4:48  Zergling x12  
  78  4:59  Ravager  
  79  5:01  Zergling x12  
  85  5:13  Ravager  
  85  5:16  Queen x2  
  86  5:23  Ravager  
  86  5:24  Zergling x16  
  91  5:36  Drone  
  91  5:37  Drone x2  
  94  5:42  Ravager  
  94  5:43  Ravager  
  94  5:45  Overlord x2  
  94  5:47  Extractor  
  94  5:54  Roach x4  
  94  6:01  Zergling x2  
  94  6:02  Zergling x12  
  96  6:06  Queen  
  96  6:09  Roach x3  
  96  6:11  Roach  
  106  6:18  Overlord  
  105  6:30  Zergling x4  
  98  6:42  Zergling x30  
  98  6:46  Ravager x4  
  111  6:48  Zergling x6  
  111  6:53  Zergling x4  
  109  7:00  Zergling x2  
  101  7:04  Zergling x2  
  101  7:05  Zergling x2  
  93  7:09  Zergling x8  
  93  7:20  Roach x3  
  90  7:25  Roach x6  
  92  7:33  Roach x2  
  92  7:38  Zergling x8  
  92  7:43  Zergling x2  
  91  7:45  Ravager x3  
  91  7:50  Zergling x4  
  96  7:54  Zergling x2  
  97  8:00  Zergling x4  
  99  8:06  Ravager x2  
  99  8:08  Zergling x16  
  99  8:10  Zergling x2  
  103  8:21  Zergling x8  
  95  8:29  Zergling x6  
  84  8:39  Ravager  
  84  8:40  Zergling x2  
  84  8:41  Zergling x12  
  84  8:46  Zergling x6  
Tags
 
Add a new tag
Caveats
  • Supply blocks, unpowered buildings, or Contaminate may cause inaccurate times.
  • Supply counts are checked every 10 seconds.